AoeStats
← Fazzz7z

African Clearing

506837177Analyzed
2v2 RM · 17d ago on Sep 15, 2026· 32m 17s· 4 players
Game mode
Random Map
Map size
Medium (4 player)
Population
200
Speed
Normal
Resources
Standard
Victory
Conquest
Starting age
Dark Age
Ending age
Imperial Age
RankedLock teamsTeams togetherTeam positionsShared explorationLock speedFull tech treeHidden civsTurbo modeCheats
Victory
Defeat
🇬🇧 Persians · United Kingdom
1393
+15
🇨🇦 Huns · Canada
1361
+17
🇩🇪 Japanese · Germany
1413
-17
🇫🇷 Saracens · France
1345
-15
Jaha
11:26 Feudal Age
11:56 Town Watch
14:26 Forging
15:00 Loom
16:25 Scale Barding Armor
17:46 Bloodlines
22:48 Castle Age
22:24 Fletching
23:24 Padded Archer Armor
23:29 Bodkin Arrow
24:24 Wheelbarrow
25:46 Double-Bit Axe
26:26 Leather Archer Armor
26:30 Husbandry
29:49 Ballistics
Fazzz7z
12:51 Feudal Age
13:49 Double-Bit Axe
16:52 Castle Age
15:33 Loom
23:53 Bloodlines
26:42 Husbandry
26:59 Horse Collar
27:34 Bow Saw
28:59 Scale Barding Armor
29:04 Forging
29:58 Heavy Plow
32:13 Wheelbarrow
32:16 Iron Casting
Alex
6:11 Loom
12:50 Feudal Age
14:28 Double-Bit Axe
16:58 Castle Age
23:23 Pikeman
26:30 Forging
27:36 Horse Collar
El_diouf
5:35 Loom
14:01 Feudal Age
21:54 Castle Age
20:24 Stone Mining
20:39 Horse Collar
21:05 Double-Bit Axe
23:22 Bloodlines
27:24 Fletching
28:41 Husbandry
29:30 Padded Archer Armor
30:25 Thumb Ring
32:05 Crossbowman
Connection lost

Rejoining the realm…

Still unreachable

The connection could not be restored.

Session expired

The server has moved on; the page needs a fresh start.